 Dungeon Crawl Stone Soup version 0.28.0-53-g5a82cb258f (webtiles) character file.

Game seed: 1988819467999715549

47 Sin92 the Skirmisher (level 3, -4/29 HPs)
             Began as a Demonspawn Fighter on June 6, 2022.
             Frozen to death by an endoplasm (5 damage)
             ... on level 2 of the Dungeon.
             The game lasted 00:01:16 (1192 turns).

Sin92 the Skirmisher (Demonspawn Fighter)           Turns: 1192, Time: 00:01:16

Health: -4/29      AC:  7    Str: 16    XL:     3   Next: 48%
Magic:  3/3        EV:  9    Int:  9    God:
Gold:   24         SH:  5    Dex: 14    Spells: 2/2 levels left

rFire   . . .      SeeInvis +   a - +0 long sword
rCold   . . .      Faith    .   c - +0 buckler
rNeg    . . .      Spirit   .   b - +0 scale mail
rPois   .          Reflect  .   (no helmet)
rElec   .          Harm     .   f - +0 cloak
rCorr   .          Rampage  .   (no gloves)
Will    .....                   (no boots)
Stlth   ..........              (no amulet)
HPRegen 0.09/turn               i - ring of see invisible
MPRegen 0.08/turn               (no ring)

@: no status effects
A: claws 1
a: no special abilities


You were on level 2 of the Dungeon.
You visited 1 branch of the dungeon, and saw 2 of its levels.

You collected 24 gold pieces.

Inventory:

Hand Weapons
 a - a +0 long sword (weapon)
Armour
 b - a +0 scale mail (worn)
 c - a +0 buckler (worn)
 f - a +0 cloak (worn)
Jewellery
 i - a ring of see invisible (left claw)
 j - a ring of fire
Potions
 d - a potion of might
 e - a potion of attraction {unknown}
 l - 2 potions of lignification {unknown}


   Skills:
 + Level 3.3 Fighting
 + Level 2.2 Long Blades
 + Level 3.0 Armour
 + Level 1.0 Dodging
 + Level 3.0 Shields


You had 2 spell levels left.
You didn't know any spells.
Your spell library was empty.

Dungeon Overview and Level Annotations

Branches:
Dungeon (2/15)

Altars:


Innate Abilities, Weirdness & Mutations

You have sharp fingernails.


Message History

Unknown command.
You hit the frilled lizard.
You kill the frilled lizard!
The hobgoblin hits you.
* * * LOW HITPOINT WARNING * * *
You hit the hobgoblin.
You kill the hobgoblin!
Unknown command.
You barely miss the goblin. The goblin hits you with a +0 rapier.
* * * LOW HITPOINT WARNING * * *
The goblin barely misses you.
An endoplasm comes into view.
Unknown command.
You barely miss the goblin.
The endoplasm quivers.
The goblin hits you but does no damage.
Unknown command.
You hit the goblin.
The goblin is moderately wounded.
The goblin barely misses you.
You hit the goblin.
You kill the goblin!
The kobold barely misses you.
Unknown command.
You hit the kobold.
The kobold is moderately wounded.
The kobold hits you but does no damage.
Unknown command.
You hit the kobold.
The kobold is severely wounded.
The kobold closely misses you. The kobold misses you.
You hit the kobold.
You kill the kobold!
The endoplasm freezes you.
You are frozen.
* * * LOW HITPOINT WARNING * * *
You barely miss the endoplasm. The endoplasm freezes you.
You are frozen.
You die...

......#
#.#..#
#.#.#
##...#
..S###...##
....g..†.#
....###.##
.## #J# #@#
#.# ..#
#.## .. #.#
#. #.


You could see an endoplasm.

Vanquished Creatures
  A dart slug (D:1)
  7 endoplasms
  4 giant cockroaches (D:1)
  2 goblins
  8 hobgoblins
  4 quokkas
  2 ball pythons (D:1)
  2 bats (D:1)
  3 frilled lizards
  4 kobolds
  A rat (D:1)
38 creatures vanquished.

Notes
Turn   | Place    | Note
-------+----------+-------------------------------------------
     0 | D:1      | Sin92 the Demonspawn Fighter began the quest for the Orb.
     0 | D:1      | Reached XP level 1. HP: 18/18 MP: 1/1
   199 | D:1      | Gained mutation: You have sharp fingernails. [demonic
                  | ancestry]
   199 | D:1      | Reached XP level 2. HP: 23/24 MP: 2/2
   697 | D:1      | Reached XP level 3. HP: 29/29 MP: 3/3
  1173 | D:2      | Reached skill level 1 in Dodging
  1191 | D:2      | HP: 1/29 [frozen (3)]
  1192 | D:2      | Frozen to death by an endoplasm

Illustrated notes

Levels and vault maps discovered:
D:1:      lightli_arrival_noodles, layout_loops_ring, serial_rivers,
          chequers_serial_rivers_room_b, chequers_serial_rivers_room_a,
          chequers_serial_rivers_small_a, chequers_serial_rivers_large_b,
          chequers_serial_rivers_micro_d, chequers_serial_rivers_large_a
D:2:      layout_basic, minmay_three_crescents

Skill      XL: |  1  2  3 |
---------------+----------+-----
Long Blades    | 2 |  2.2
Shields        | 3 |  3.0
Armour         | 3 |  3.0
Dodging        | 1 |  1.0
Fighting       | |  3.3

Action                   || total
-------------------------++-------
Melee: Long sword        ||   126
  Use: Scroll            ||     3
Armor: Scale mail        ||    63
Dodge: Dodged            ||    64
Block: Buckler           ||    26
